 Dungeon Crawl Stone Soup version 0.19.0-2-gae57169 (webtiles) character file.

46 equalderp2856 the Scratcher (level 3, 0/17 HPs)
             Began as a Felid Fighter on Nov 7, 2016.
             Slain by a worm (10 damage)
             ... on level 1 of the Dungeon.
             The game lasted 00:06:52 (2398 turns).

equalderp2856 the Scratcher (Felid Fighter)         Turns: 2398, Time: 00:06:52

Health: 0/17       AC:  1    Str: 13    XL:     3   Next: 44%
Magic:  4/4        EV: 19    Int:  9    God:
Gold:   50         SH:  0    Dex: 15    Spells: 0 memorised, 2 levels left
                                        Lives:  0   Deaths: 0

rFire  . . .     SeeInvis +       - Unarmed
rCold  . . .     Gourm    .     (armour unavailable)
rNeg   . . .     Faith    .     (shield unavailable)
rPois  .         Spirit   .     (helmet unavailable)
rElec  .         Reflect  .     (cloak unavailable)
rCorr  .         Harm     .     (gloves unavailable)
MR     .....                    (boots unavailable)
Stlth  ++........               (no amulet)
                                (no ring)
                                (no ring)

@: quick
A: no armour, no weapons or thrown items, stealth, claws 1, fangs 3, see
invisible, carnivore 3, speed 1, shaggy fur 1, slow metabolism 1, sharp paws
a: no special abilities


You were on level 1 of the Dungeon.
You were not hungry.

You visited 1 branch of the dungeon, and saw 2 of its levels.

You collected 50 gold pieces.

Inventory:

Hand Weapons
 c - a +0 short sword
 h - a +0 short sword
Missiles
 i - 40 stones
Scrolls
 f - a scroll of amnesia {unknown}
 g - a scroll of teleportation {unknown}
Potions
 a - a potion of might
 e - 2 potions of flight {unknown}
 j - a potion of haste {unknown}
Comestibles
 b - a meat ration
 d - a bread ration


   Skills:
 + Level 3.1 Fighting
 + Level 4.3 Dodging
 + Level 1.9 Stealth
 + Level 4.7 Unarmed Combat


You had 2 spell levels left.
You didn't know any spells.

Dungeon Overview and Level Annotations

Branches:
Dungeon (2/15)

Altars:

Annotations:
D:2 Robin, Terence


Innate Abilities, Weirdness & Mutations

You cannot wear armour.
You are incapable of wielding weapons or throwing items.
Your paws allow you to move quietly. (Stealth)
You have sharp claws.
You have razor-sharp teeth.
You have supernaturally acute eyesight. (SInv)
You are carnivorous and can eat meat at any time.
You cover ground quickly.
You are covered in fur. (AC +1)
You have a slow metabolism.
Your sharp claws are effective at attacking unaware monsters.


Message History

A bat is nearby!
The bat hits you. The bat misses you.
You completely miss the bat. Your claw misses the bat. The bat hits you.
The bat barely misses you.
You claw the bat!
You kill the bat!
You see here a bat corpse.
You butcher the bat corpse.
k - a chunk of flesh You see here a bat skeleton.
Eat a chunk of flesh? (ye/n/q)
You start eating the chunk of flesh.
This raw flesh tastes great.
You start resting.
HP restored.
You scratch the worm but do no damage. You bite the worm, but do no damage.
The worm bites you!
You barely miss the worm. Your bite misses the worm. The worm bites you!
Ouch! That really hurt!
You die...

#.....#.#.....#.####.
###.#.#'###.#.#......
###'#....##.#'###.###
#........##..........
#........##..........
#........##..........
##..............#....
#....######....#....
###.w@.# #....#....
#......#### #....#....
#....#....###....#.#'#
#....#.............#.#
#....#.).........###.#
#....####.....#### #..
#.......).....######..
#.................###.
#........###......# #.


You could see a worm.

Vanquished Creatures
  An adder (D:1)
  A worm (D:1)
  A dart slug (D:1)
  2 leopard geckos (D:1)
  A ball python (D:1)
  5 hobgoblins (D:1)
  2 jackals (D:1)
  3 kobolds (D:1)
  6 bats
  A frilled lizard (D:1)
  3 goblins (D:1)
  3 rats (D:1)
29 creatures vanquished.

Notes
Turn   | Place    | Note
-------+----------+-------------------------------------------
     0 | D:1      | equalderp2856 the Felid Fighter began the quest for the Orb.
     0 | D:1      | Reached XP level 1. HP: 10/10 MP: 2/2
   586 | D:1      | Reached XP level 2. HP: 14/14 MP: 3/3
   665 | D:1      | Reached skill level 1 in Stealth
  1462 | D:1      | Reached XP level 3. HP: 16/17 MP: 4/4
  1673 | D:2      | Found a faded altar of an unknown god.
  1685 | D:2      | Noticed Terence
  1687 | D:2      | Noticed Robin
  2398 | D:1      | Slain by a worm

Skill      XL: |  1  2 |
---------------+-------+-----
Stealth        | 1 |  1.9
Fighting       | |  3.1
Dodging        | |  4.3
Unarmed Combat | |  4.7

Action                   || total
-------------------------++-------
Melee: Unarmed           ||    71
       Bite              ||     8
       Punch             ||     2
 Stab: Sleeping          ||     3
       Distracted        ||     1
  Eat: Chunk             ||     4
Armor: Skin              ||     3
Dodge: Dodged            ||    63
